 Dungeon Crawl Stone Soup version 0.32-a0-898-g7811c86cf0 (webtiles) character file.

Game seed: 5687479685027085765

88 Biggs the Shooter (level 4, -1/33 HPs)
             Began as a Coglin Hunter on Apr 4, 2024.
             Slain by an iguana (12 damage)
             ... on level 2 of the Dungeon.
             The game lasted 00:02:43 (964 turns).

Biggs the Shooter (Coglin Hunter)                    Turns: 964, Time: 00:02:44

Health: -1/33      AC:  3    Str: 11    XL:     4   Next: 53%
Magic:  4/4        EV: 11    Int:  8    God:
Gold:   86         SH:  0    Dex: 20    Spells: 3/3 levels left

rFire   . . .        a - +2 sling {Hori}
rCold   . . .        d - +0 sling {Lucia}
rNeg    . . .        c - +0 leather armour
rPois   .            (no helmet)
rElec   .            (no cloak)
rCorr   .            (no gloves)
SInv    .            (no boots)
Will    .....        (amulet unavailable)
Stlth   ++           (ring unavailable)
HPRegen 0.25/turn    (ring unavailable)
MPRegen 0.09/turn    (no gizmo)

%: no passive effects
@: revved
A: off-hand wielding, slow wielding, warmup strikes, no jewellery
a: Invent Gizmo


You were on level 2 of the Dungeon.
You visited 1 branch of the dungeon, and saw 2 of its levels.

You collected 86 gold pieces.

Inventory:

Hand Weapons
 a - a +2 sling (weapon) {Hori}
 d - a +0 sling (offhand) {Lucia}
Missiles
 f - a throwing net
 i - 4 atropa-tipped darts
Armour
 c - a +0 leather armour (worn)
Scrolls
 b - a scroll of butterflies
 g - 2 scrolls of blinking {unknown}
 h - 2 scrolls of immolation {unknown}
 j - a scroll of fog {unknown}
 l - a scroll of brand weapon {unknown}
 m - a scroll of identify {unknown}
 o - a scroll of silence {unknown}
 p - a scroll of teleportation {unknown}
 q - a scroll of enchant armour {unknown}
Potions
 e - a potion of heal wounds {unknown}
 k - 2 potions of haste {unknown}
 n - 2 potions of resistance {unknown}
 r - a potion of invisibility {unknown}


   Skills:
 - Level 2.0 Fighting
 + Level 5.3 Ranged Weapons
 - Level 1.7 Dodging
 - Level 0.7 Stealth


You had 3 spell levels left.
You didn't know any spells.
Your spell library was empty.

Dungeon Overview and Level Annotations

Branches:
Dungeon (2/15)

Altars:

Shops:
D:2 :


Innate Abilities, Weirdness & Mutations

You can wield a second weapon in your off-hand.
It takes a long time for you to wield or remove held weapons.
Your first few attacks do less damage.
You cannot equip rings or amulets.


Message History

The sling bullet hits the iguana but does no damage.
The iguana is moderately wounded.
You shoot a sling bullet. The sling bullet hits the iguana.
The iguana is heavily wounded.
The iguana bites you.
You shoot a sling bullet.
The sling bullet hits the iguana but does no damage.
The iguana is heavily wounded.
You shoot a sling bullet. The sling bullet hits the iguana.
The iguana is heavily wounded.
The iguana bites you!
Unknown command.
Unknown command.
You are too injured to fight recklessly!
You are too injured to fight recklessly!
Unknown command.
You are too injured to fight recklessly!
Unknown command.
You are too injured to fight recklessly!
Fire: a) +2 sling {Hori}
Press: ? - help, Q - select action, (/) - cycle Shift-Dir - straight line, f/p - iguana
Aim: an iguana (heavily wounded, 69% to hit)
You shoot a sling bullet.
The sling bullet hits the iguana but does no damage.
The iguana is heavily wounded.
You shoot a sling bullet.
The sling bullet hits the iguana but does no damage.
The iguana is heavily wounded.
The iguana bites you.
Fire: a) +2 sling {Hori}
Press: ? - help, Q - select action, (/) - cycle Shift-Dir - straight line, f/p - iguana
Aim: an iguana (heavily wounded, 69% to hit)
You shoot a sling bullet.
The sling bullet hits the iguana but does no damage.
The iguana is heavily wounded.
You shoot a sling bullet.
The sling bullet hits the iguana but does no damage.
The iguana is heavily wounded.
The iguana bites you!
You die...

.............. ..#....
######.#....#. .......
#####....##..# .......
......##.###.. .......
....... #.. ##. .....
....##. ##. ... ... ....
##.# ###.###.# ).#
#..l@)..# #...
.>....###..# ...## .....
#..# ##....
...^.#####.########.....
.......................#
.. ..#####...#.....#....
. #.#............
...#............
...#.#............


You could see an iguana.

Vanquished Creatures
  Terence (D:2)
  3 dart slugs
  A ribbon worm (D:2)
  3 bats (D:1)
  4 endoplasms
  4 giant cockroaches
  5 goblins
  7 hobgoblins (D:1)
  2 jackals (D:1)
  5 kobolds
  A quokka (D:1)
  4 ball pythons (D:1)
  5 frilled lizards (D:1)
  3 rats
48 creatures vanquished.

Notes
Turn   | Place    | Note
-------+----------+-------------------------------------------
     0 | D:1      | Biggs the Coglin Hunter began the quest for the Orb.
     0 | D:1      | Reached XP level 1. HP: 16/16 MP: 1/1
   140 | D:1      | Reached skill level 4 in Ranged Weapons
   140 | D:1      | Reached XP level 2. HP: 21/22 MP: 2/2
   325 | D:1      | Reached XP level 3. HP: 27/27 MP: 3/3
   799 | D:2      | Found Faqeo's Book Shop.
   837 | D:2      | Reached skill level 5 in Ranged Weapons
   857 | D:2      | Reached XP level 4. HP: 33/33 MP: 4/4
   889 | D:2      | Noticed Terence
   897 | D:2      | Killed Terence
   964 | D:2      | Slain by an iguana

Illustrated notes

Levels and vault maps discovered:
D:1:      beargit_arrival_diablo_church, layout_loops_ring, minmay_tall_x
D:2:      layout_rooms, serial_shops, shop_statue, uniq_terence

Skill      XL: |  1  2  3 |
---------------+----------+-----
Ranged Weapons | 4 5 |  5.3
Fighting       | |  2.0
Dodging        | |  1.7
Stealth        | |  0.7

Action                     |  1- 3 |  4- 6 || total
---------------------------+-------+-------++-------
   Fire: Sling             |   172 |    46 ||   218
 Armour: Leather armour    |     5 |     9 ||    14
  Dodge: Dodged            |    11 |     2 ||    13

Table legend: (Time is in decaauts)
 A = Elapsed time spent in this place.
 B = Non-inter-level travel time spent in this place.
 C = Inter-level travel time spent in this place.
 D = Time resting spent in this place.
 E = Time spent auto-exploring this place.
 F = Levels seen in this place.
 G = Mean time per level.
                   A        B        C        D        E       F      G
               +--------+--------+--------+--------+--------+-----+--------+
         Total |    987 |    975 |     12 |      0 |    767 |   2 |  493.5 |
       Dungeon |    987 |    975 |     12 |      0 |    767 |   2 |  493.5 |
               +--------+--------+--------+--------+--------+-----+--------+

Top non-repeatable levels by time:
     D:1: 815 daAuts
     D:2: 171 daAuts
